 Dungeon Crawl Stone Soup version 0.21-a0-125-gb006224 (webtiles) character file.

11594 4thArraOfDagon the Geomancer (level 11, -2/118 HPs)
             Began as a Demigod Earth Elementalist on July 14, 2017.
             Hit by a large rock thrown by a cyclops (23 damage)
             ... on level 15 of the Dungeon.
             The game lasted 00:23:10 (4862 turns).

4thArraOfDagon the Geomancer (DgEE)                 Turns: 4862, Time: 00:23:10

Health: -2/118     AC: 25    Str:  9    XL:     11   Next: 27%
Magic:  20/25      EV:  2    Int: 25    God:
Gold:   360        SH:  0    Dex: 16    Spells: 9/24 levels left

rFire    . . .     SeeInvis +   O - +3 scimitar (freeze)
rCold    . . .     Gourm    .   (no shield)
rNeg     + + +     Faith    .   (armour currently unavailable)
rPois    +         Spirit   .   (helmet currently unavailable)
rElec    .         Reflect  .   (cloak currently unavailable)
rCorr    .         Harm     .   (gloves currently unavailable)
MR       +....     NoTele   +   (boots currently unavailable)
Stlth    ++........             (no amulet)
HPRegen  0.29/turn              a - ring of see invisible
MPRegen  0.19/turn              H - ring of positive energy

@: tree-form, drained
A: high mp 1, weak 1
a: no special abilities


You were on level 15 of the Dungeon.
You were not hungry.
You were a tree.
You visited 1 branch of the dungeon, and saw 15 of its levels.

You collected 360 gold pieces.

Inventory:

Hand Weapons
 h - a +0 dagger
 k - a +0 morningstar
 m - a +0 war axe
 n - a +0 glaive
 y - a +4 quarterstaff of chaos
 O - a +3 scimitar of freezing (weapon)
Missiles
 b - 40 stones (quivered)
 z - 2 exploding tomahawks
Armour
 c - a +0 robe
 o - a +0 cloak (melded)
 r - a +0 helmet
 s - a +0 ring mail
 I - a +0 troll leather armour (melded)
Jewellery
 a - a ring of see invisible (left branch)
 i - an uncursed ring of teleportation
 H - a ring of positive energy (right branch)
 K - an uncursed ring of ice
 N - an uncursed ring of loudness
Wands
 p - a wand of paralysis (0/24)
 x - a wand of acid (2/15)
 F - a wand of flame (42/48)
Scrolls
 l - 2 scrolls of brand weapon {unknown}
 t - 3 scrolls of remove curse
 u - 2 scrolls of enchant weapon
 w - 3 scrolls of teleportation
 B - a scroll of fog {unknown}
 D - a scroll of torment {unknown}
 E - a scroll of recharging {unknown}
 J - a scroll of magic mapping {unknown}
Potions
 f - a potion of flight {unknown}
 j - a potion of lignification
 v - a potion of curing
 A - 3 potions of berserk rage
 L - a potion of haste
 M - a potion of might {unknown}
Books
 e - a book of Geomancy

   Spells                             Type                      Level
   a - Sandblast                      Earth                        1
   b - Passwall                       Transmutation/Earth          2
   c - Stone Arrow                    Conjuration/Earth            3
   d - Petrify                        Transmutation/Earth          4
   e - Lee's Rapid Deconstruction     Earth                        5
 q - a book of Frost

   Spells                             Type                      Level
   a - Freeze                         Ice                          1
   b - Throw Frost                    Conjuration/Ice              2
   c - Ozocubu's Armour               Charms/Ice                   3
   d - Throw Icicle                   Conjuration/Ice              4
   e - Summon Ice Beast               Ice/Summoning                4
 C - a book of Debilitation

   Spells                             Type                      Level
   a - Corona                         Hexes                        1
   b - Slow                           Hexes                        2
   c - Inner Flame                    Hexes/Fire                   3
   d - Portal Projectile              Hexes/Translocation          3
   e - Cause Fear                     Hexes                        4
   f - Leda's Liquefaction            Hexes/Earth                  4
Comestibles
 d - 4 bread rations
 g - 3 chunks of flesh
 G - a meat ration


   Skills:
 + Level 1.7(1.6) Fighting
 + Level 2.0(1.9) Armour
 + Level 2.6(2.5) Dodging
 - Level 1.7(1.6) Stealth
 - Level 7.0(6.9) Spellcasting
 - Level 0.8(0.7) Transmutations
 * Level 14.3(14.2) Earth Magic


You had 9 spell levels left.
You knew the following spells:

 Your Spells              Type           Power        Failure   Level  Hunger
a - Sandblast             Erth           ######       1%          1    None
b - Stone Arrow           Conj/Erth      #####.       1%          3    None
c - Lee's Rapid Deconstr  Erth           ######....   1%          5    #####..
d - Passwall              Tmut/Erth      #####.....   1%          2    None
e - Petrify               Tmut/Erth      #####...     3%          4    ###....


Dungeon Overview and Level Annotations

Branches:
Dungeon (15/15)            Temple (0/1) D:4             Orc (0/2) D:9
   Lair: D:8-11      Vaults: D:13-14     Depths: D:15

Annotations:
D:5 Eustachio


Innate Abilities, Weirdness & Mutations

You have an increased reservoir of magic. (+10% MP)
((You have a pair of small horns on your head.))
((Armour fits poorly on your strangely shaped body.))
You are weak. (Str -2)


Message History

Casting: Sandblast
Confirm with . or Enter, or press ? or * to list all spells.
Aiming: Lee's Rapid Deconstruction
Press: ? - help, Dir - move target cursor The wall shatters!
The blast of rock fragments hits the cyclops.
The cyclops is lightly wounded.
You hear a shout!
Unknown command.
Unknown command.
Evoke which item? (* to show all) (? for menu, Esc to quit)
Aiming: Corrosive Bolt
Press: ? - help, Shift-Dir - straight line, f - cyclops
Aim: a cyclops (lightly wounded)
The bolt of acid hits the cyclops.
The cyclops is splashed with acid.
The acid corrodes the cyclops!
The cyclops is heavily wounded.
This wand has 2 charges left.
The cyclops throws a large rock.
The large rock hits you!!
You die...

#.###..#
#....#.# ###
#.#.###. .C#
#####..## #
#.# #.....##
#.# #.###..#
#.# #.# #÷#.#
#.# #.#
#.##.# #♣#
#.# #.# #.#
#(# #.# #.#
.# #.# #.#
#.# #
#.#####.# #..
#.......# ###
######### #
.##########.#


You could see a cyclops.

Vanquished Creatures
  2 vault guards (D:14)
  2 two-headed ogres
  An unseen horror (D:14)
  4 ugly things (D:14)
  A cyclops (D:14)
  A manticore (D:14)
  A centaur zombie (D:14)
  A gargoyle (D:12)
  2 kobold demonologists
  A yaktaur (D:14)
  A tengu conjurer (D:14)
  A troll (D:14)
  2 hornets
  3 yaks (D:12)
  2 wyverns
  A soldier ant (D:12)
  2 ice beasts
  3 ogres
  2 orc warriors
  A black bear (D:6)
  2 sky beasts
  6 centaurs
  2 big kobolds
  5 bullfrogs
  2 scorpions
  3 killer bees (D:13)
  5 wights (D:15)
  A howler monkey (D:9)
  An electric eel (D:6)
  A crimson imp (D:10)
  Crazy Yiuf (D:7)
  2 hounds
  4 orc priests
  3 orc wizards
  5 iguanas
  2 worker ants
  A hound zombie (D:10)
  6 adders
  A shadow imp (D:8)
  An ooze (D:4)
  4 dart slugs (D:5)
  2 leopard geckos
  10 orcs
  A ball python (D:3)
  A giant cockroach (D:4)
  A goblin (D:1)
  A ball python skeleton (D:4)
  11 kobolds
119 creatures vanquished.

Vanquished Creatures (others)
  A centaur (D:14)
1 creature vanquished.

Grand Total: 120 creatures vanquished

Notes
Turn   | Place    | Note
-------+----------+-------------------------------------------
     0 | D:1      | 4thArraOfDagon the Demigod Earth Elementalist began the quest for the Orb.
     0 | D:1      | Reached XP level 1. HP: 14/14 MP: 5/5
   107 | D:2      | Reached skill level 3 in Earth Magic
   107 | D:2      | Reached XP level 2. HP: 20/20 MP: 4/7
   255 | D:4      | Noticed Eustachio
   263 | D:4      | Reached XP level 3. HP: 26/26 MP: 6/9
   280 | D:5      | Entered Level 5 of the Dungeon
   289 | D:4      | Found a staircase to the Ecumenical Temple.
   444 | D:4      | You fall through a shaft for 2 floors!
   470 | D:6      | Learned a level 3 spell: Stone Arrow
   522 | D:6      | HP: 1/26 [orc priest/flail (6)]
   535 | D:6      | Reached skill level 4 in Earth Magic
   535 | D:6      | Reached XP level 4. HP: 7/33 MP: 10/10
   570 | D:6      | Reached skill level 5 in Earth Magic
   964 | D:5      | Reached XP level 5. HP: 32/38 MP: 11/11
   968 | D:5      | Found a glowing drain.
   976 | D:5      | Gorglomux: ....
  1027 | D:6      | Noticed a black bear
  1033 | D:6      | Killed a black bear
  1046 | D:6      | Reached skill level 6 in Earth Magic
  1145 | D:6      | Reached XP level 6. HP: 33/45 MP: 9/12
  1221 | D:7      | Noticed a yak
  1221 | D:7      | Noticed a yak
  1251 | D:7      | Learned a level 5 spell: Lee's Rapid Deconstruction
  1328 | D:7      | Found a stormy altar of Qazlal.
  1368 | D:7      | Found a runed door.
  1372 | D:7      | Noticed Crazy Yiuf
  1375 | D:7      | Killed Crazy Yiuf
  1451 | D:8      | Reached skill level 7 in Earth Magic
  1717 | D:7      | Found a snail-covered altar of Cheibriados.
  1751 | D:7      | Found a bloodstained altar of Trog.
  1794 | D:7      | Found a glowing golden altar of the Shining One.
  1873 | D:8      | Noticed a hornet
  1875 | D:8      | Killed a hornet
  1875 | D:8      | Reached skill level 8 in Earth Magic
  1875 | D:8      | Reached XP level 7. HP: 50/50 MP: 10/13
  1918 | D:9      | Found a staircase to the Orcish Mines.
  1936 | D:8      | Noticed a two-headed ogre
  1940 | D:8      | Killed a two-headed ogre
  1940 | D:8      | Reached skill level 10 in Earth Magic
  1940 | D:8      | Reached XP level 8. HP: 53/57 MP: 7/14
  1970 | D:10     | Entered Level 10 of the Dungeon
  2507 | D:11     | Noticed a kobold demonologist
  2507 | D:11     | Noticed a kobold demonologist
  2509 | D:11     | Noticed an orange demon
  2598 | D:10     | Reached skill level 11 in Earth Magic
  2813 | D:12     | Reached XP level 9. HP: 62/62 MP: 4/17
  2852 | D:12     | Noticed a two-headed ogre
  2877 | D:12     | Killed a two-headed ogre
  2956 | D:12     | Noticed a gargoyle
  2962 | D:12     | Killed a gargoyle
  2962 | D:12     | Reached skill level 12 in Earth Magic
  3143 | D:12     | Learned a level 2 spell: Passwall
  3170 | D:12     | Learned a level 4 spell: Petrify
  3308 | D:12     | Reached skill level 5 in Spellcasting
  3516 | D:14     | Reached XP level 10. HP: 69/69 MP: 5/21
  3699 | D:15     | Entered Level 15 of the Dungeon
  3699 | D:15     | Noticed a centaur warrior
  3748 | D:14     | Noticed a red ugly thing
  3748 | D:14     | Noticed a red ugly thing
  3748 | D:14     | Noticed a red ugly thing
  3748 | D:14     | Noticed a red ugly thing
  3760 | D:14     | Killed a green ugly thing
  3760 | D:14     | Reached skill level 13 in Earth Magic
  3761 | D:14     | Killed a green ugly thing
  3762 | D:14     | Killed a red ugly thing
  3763 | D:14     | Killed a green ugly thing
  3766 | D:14     | Gained mutation: You are weak. (Str -2) [mutagenic meat]
  3767 | D:14     | Gained mutation: You have a pair of small horns on your head. [mutagenic meat]
  3772 | D:14     | Gained mutation: Armour fits poorly on your strangely shaped body. [mutagenic meat]
  3898 | D:14     | Noticed a manticore
  3902 | D:14     | Killed a manticore
  3947 | D:14     | Noticed a vault guard
  3959 | D:14     | Killed a vault guard
  4081 | D:14     | Noticed a vault guard
  4211 | D:14     | Killed a vault guard
  4211 | D:14     | Reached skill level 14 in Earth Magic
  4211 | D:14     | Reached XP level 11. HP: 74/74 MP: 4/25
  4513 | D:14     | Noticed an unseen horror
  4518 | D:14     | Killed an unseen horror
  4518 | D:14     | Reached skill level 1 in Fighting
  4518 | D:14     | Reached skill level 1 in Armour
  4570 | D:14     | Noticed a tengu warrior
  4862 | D:15     | Hit by a large rock thrown by a cyclops

Vault maps used:
D:1:      lightli_arrival_quake
D:3:      nicolae_ru_awakened_eye, lemuel_coloured_pillars_altar
D:4:      minmay_temple_entry_hall, uniq_eustachio
D:5:      kennysheep_slugbush, first_bread, cheibrodos_sewer_entry_drain
D:6:      overflow_temple_1_default, fountainhead, nrook_uturn,
          grunt_ministairs_10
D:7:      lemuel_crystal_altar, lemuel_crystal_altar,
          nicolae_overflow_hidden_temple, overflow_temple_1_default, uniq_pikel,
          uniq_crazy_yiuf_cottage
D:8:      hangedman_pestilent_swarm
D:9:      kennysheep_mini, fedhas_altar_decomposition, orc_0_dummy
D:10:     minmay_lair_entry_lava
D:11:     nicolae_lava_and_water, hangedman_abyss_or_decor_slice,
          evilmike_minifort, uniq_fannar, uniq_josephine
D:12:     minivault_20, bh_walls_and_bars
D:14:     grunt_vaults_entry_fortified, minmay_misc_feat_cross
D:15:     gammafunk_depths_entry_grave

Skill      XL: |  1  2  3  4  5  6  7  8  9 10 11 |
---------------+----------------------------------+-----
Spellcasting   | 2 3 5 7 |  7.0
Earth Magic    | 3 4 5 6 8 10 11 12 14 | 14.3
Dodging        | 2 |  2.6
Fighting       | 1 |  1.7
Armour         | 2 |  2.0
Stealth        | |  1.7
Transmutations | |  0.8

Action                   |  1- 3 |  4- 6 |  7- 9 | 10-12 || total
-------------------------+-------+-------+-------+-------++-------
Melee: War axe           |    15 |    23 |       |       ||    38
       Glaive            |       |     2 |       |       ||     2
       Quarterstaff      |       |    17 |    80 |    51 ||   148
       Headbutt          |       |       |       |     4 ||     4
       Scimitar          |       |       |       |     2 ||     2
 Cast: Sandblast         |    16 |    23 |    19 |    34 ||    92
       Lee's Rapid Decon |       |       |    12 |    30 ||    42
Evoke: Wand              |    12 |     1 |     2 |     3 ||    18
  Use: Potion            |     3 |       |       |     1 ||     4
       Scroll            |     2 |     3 |     1 |     2 ||     8
 Stab: Paralysed         |    10 |     1 |     3 |       ||    14
       Sleeping          |     1 |     1 |       |       ||     2
  Eat: Chunk             |       |     2 |     7 |     6 ||    15
       Fruit             |       |     2 |     7 |       ||     9
       Royal jelly       |       |       |       |     2 ||     2
Armor: Robe              |     3 |       |       |       ||     3
       Skin              |     5 |     4 |       |       ||     9
       Ring mail         |       |    14 |    33 |     7 ||    54
       Troll leather arm |       |       |       |    11 ||    11
Dodge: Dodged            |    19 |    23 |    55 |    46 ||   143
